 Dungeon Crawl Stone Soup version 0.26-a0-52-gd53d4cd (webtiles) character file.

Game seed: 925925058581618587

41 thirtiethelement the Skirmisher (level 3, -8/29 HPs)
             Began as a Demonspawn Abyssal Knight on June 6, 2020.
             Was a Follower of Lugonu.
             Killed by nerve-wracking pain
             ... invoked by Jessica
              (14 damage)
             ... on level 2 of the Dungeon.
             The game lasted 00:02:40 (972 turns).

thirtiethelement the Skirmisher (DsAK)               Turns: 972, Time: 00:02:40

Health: -8/29      AC:  8    Str: 13    XL:     3   Next: 32%
Magic:  4/4        EV: 11    Int: 13    God:    Lugonu [*.....]
Gold:   60         SH:  0    Dex: 12    Spells: 2/2 levels left

rFire    . . .     SeeInvis .   a - +2 falchion
rCold    + . .     Gourm    .   (no shield)
rNeg     . . .     Faith    .   b - +1 leather armour
rPois    .         Spirit   .   (no helmet)
rElec    .         Reflect  .   (no cloak)
rCorr    .         Harm     .   (no gloves)
MR       .....                  (no boots)
Stlth    +.........             h - amulet of the acrobat
HPRegen  0.09/turn              e - +4 ring of protection
MPRegen  0.09/turn              (no ring)

@: no status effects
A: cold resistance 1
a: Depart the Abyss, Renounce Religion


You were on level 2 of the Dungeon.
You worshipped Lugonu.
Lugonu was aware of your devotion.
You were not hungry.

You visited 1 branch of the dungeon, and saw 2 of its levels.
You visited the Abyss 1 time.

You collected 60 gold pieces.

Inventory:

Hand Weapons
 a - a +2 falchion (weapon)
Armour
 b - a +1 leather armour (worn)
Jewellery
 e - a +4 ring of protection (left hand)
 g - an uncursed amulet of magic regeneration
 h - an amulet of the acrobat (around neck)
Scrolls
 f - a scroll of remove curse
 i - 2 scrolls of identify
 j - a scroll of enchant armour
Comestibles
 c - 3 rations
 d - a chunk of flesh


   Skills:
 + Level 3.5 Fighting
 + Level 2.5 Long Blades
 + Level 2.0 Armour
 + Level 1.0 Dodging
 + Level 2.6 Invocations


You had 2 spell levels left.
You didn't know any spells.
Your spell library was empty.

Dungeon Overview and Level Annotations

Branches:
Dungeon (2/15)

Altars:

Annotations:
D:2 Jessica, Natasha


Innate Abilities, Weirdness & Mutations

Your flesh is cold resistant. (rC+)


Message History

An adder comes into view.
You closely miss Jessica.
The adder hisses angrily.
Jessica closely misses you.
You closely miss Jessica. Jessica hits you but does no damage.
A giant cockroach comes into view.
You closely miss Jessica. Jessica barely misses you.
You riposte.
You hit Jessica.
Jessica is moderately wounded.
The frilled lizard bites you but does no damage.
Jessica hits you but does no damage.
You hit Jessica.
Jessica is moderately wounded.
The frilled lizard bites you but does no damage.
Jessica misses you. The frilled lizard closely misses you.
You closely miss Jessica.
Jessica is moderately wounded.
Jessica casts a spell at you. Pain shoots through your body!
You die...

#..........รท.<...#
##.####..##....#..#
#.####..#.#...# ..#
#.............# #
######..#..#.##
#.)#..##.
##...##.##. #%.@##
#.... #.##@## ## #.
##l# #. ##h# ..


#Ss .. .#.# . # .. >. .## You could see Natasha, an adder, Jessica, a giant
cockroach and a frilled lizard.

Vanquished Creatures
  A dart slug (D:1)
  7 bats
  4 giant cockroaches
  2 goblins (D:1)
  4 hobgoblins (D:1)
  4 jackals (D:1)
  A quokka (D:2)
  A ball python (D:1)
  5 frilled lizards
  3 kobolds (D:1)
  6 rats
38 creatures vanquished.

Notes
Turn   | Place    | Note
-------+----------+-------------------------------------------
     0 | Abyss:1  | thirtiethelement the Demonspawn Abyssal Knight began the
                  | quest for the Orb.
     0 | Abyss:1  | Reached XP level 1. HP: 18/18 MP: 2/2
    45 | Abyss:2  | Noticed a wraith
    46 | Abyss:2  | Noticed a spatial maelstrom
    47 | Abyss:2  | Noticed a spatial vortex
    53 | Abyss:2  | Noticed a spatial vortex
    61 | Abyss:2  | Noticed a worldbinder
    65 | Abyss:2  | Noticed an ironheart preserver
    65 | Abyss:2  | Noticed a yaktaur
    66 | Abyss:2  | Noticed a yaktaur
    68 | D:1      | Escaped the Abyss
   267 | D:1      | Gained mutation: Your flesh is cold resistant. (rC+)
                  | [demonic ancestry]
   267 | D:1      | Reached XP level 2. HP: 24/24 MP: 3/3
   401 | D:1      | Reached * piety under Lugonu
   478 | D:1      | Reached skill level 1 in Dodging
   503 | D:1      | Reached XP level 3. HP: 29/29 MP: 4/4
   962 | D:2      | Noticed Jessica
   966 | D:2      | Noticed Natasha
   972 | D:2      | Killed from afar by Jessica

Illustrated notes

Levels and vault maps discovered:
D:1:      minmay_arrival_glassed_features, layout_loops_ring, minmay_domino_2
D:2:      layout_loops_ring, nicolae_overflow_crystal_walls,
          nicolae_dithmenos_through_a_glass_darkly, first_ration, uniq_natasha,
          uniq_jessica

Skill      XL: |  1  2  3 |
---------------+----------+-----
Long Blades    | 2 |  2.5
Dodging        | 1 |  1.0
Armour         | 2 |  2.0
Fighting       | |  3.5
Invocations    | |  2.6

Action                   || total
-------------------------++-------
Melee: Falchion          ||    91
Invok: Depart the Abyss  ||     1
  Use: Scroll            ||     3
Armor: Leather armour    ||    51
Dodge: Dodged            ||    80
       Rpst.: Falchion   ||    32

Table legend:
 A = Non-vault XP
 B = Vault XP
 C = Vault XP percentage of total XP
 D = Non-vault monster count
 E = Vault monster count
 F = Vault count percentage of total count
                 A         B        C        D         E       F
            +---------+---------+-------+---------+---------+-------
      Total |      57 |       2 |   3.4 |      36 |       2 |   5.3
            +---------+---------+-------+---------+---------+-------
        D:1 |      48 |       2 |   4.0 |      30 |       2 |   6.2
        D:2 |       9 |       0 |   0.0 |       6 |       0 |   0.0
            +---------+---------+-------+---------+---------+-------
